 Dungeon Crawl Stone Soup version 0.26.1-11-gd32895ea62 (webtiles) character file.

Game seed: 10765137202316027631

363 Zeld the Cutter (level 6, -9/47 HPs)
             Began as a Demonspawn Abyssal Knight on June 6, 2021.
             Was a Believer of Lugonu.
             Killed by divine providence
             ... invoked by an orc priest
              (12 damage)
             ... on level 3 of the Dungeon.
             The game lasted 00:06:29 (6787 turns).

Zeld the Cutter (Demonspawn Abyssal Knight)         Turns: 6787, Time: 00:06:29

Health: -9/47      AC:  9    Str: 14    XL:     6   Next: 39%
Magic:  6/7        EV: 11    Int: 13    God:    Lugonu [**....]
Gold:   182        SH:  0    Dex: 13    Spells: 5/5 levels left

rFire    . . .     SeeInvis .   a - +1 short sword
rCold    . . .     Faith    .   (no shield)
rNeg     . . .     Spirit   .   b - +0 leather armour
rPois    .         Reflect  .   j - +2 helmet
rElec    .         Harm     .   q - +0 cloak
rCorr    .         Rampage  .   (no gloves)
Will     .....                  (no boots)
Stlth    +.........             (no amulet)
HPRegen  0.15/turn              (no ring)
MPRegen  0.10/turn              (no ring)

@: no status effects
A: yellow scales 1, powered by death 1, miasma immunity
a: Renounce Religion, Depart the Abyss, Bend Space


You were on level 3 of the Dungeon.
You worshipped Lugonu.
Lugonu was pleased with you.
You visited 1 branch of the dungeon, and saw 4 of its levels.
You visited the Abyss 1 time.

You collected 182 gold pieces.

Inventory:

Hand Weapons
 a - a +1 short sword (weapon)
Missiles
 h - 14 poisoned darts (quivered)
Armour
 b - a +0 leather armour (worn)
 j - a +2 helmet (worn)
 q - a +0 cloak (worn)
Wands
 s - a wand of polymorph (4)
Scrolls
 c - a scroll of teleportation {unknown}
 d - a scroll of blinking {unknown}
 g - 4 scrolls of fear {unknown}
 k - a scroll of amnesia {unknown}
 l - 2 scrolls of remove curse {unknown}
 o - 2 scrolls of enchant armour {unknown}
 p - 3 scrolls of random uselessness {unknown}
 r - a scroll of magic mapping {unknown}
 t - 2 scrolls of identify {unknown}
Potions
 e - 3 potions of brilliance {unknown}
 f - a potion of flight {unknown}
 i - 2 potions of lignification {unknown}
 m - 4 potions of curing {unknown}
 n - 4 potions of degeneration {unknown}


   Skills:
 - Level 3.0 Fighting
 * Level 6.3 Short Blades
 - Level 1.7 Armour
 - Level 0.8 Dodging
 - Level 2.4 Invocations


You had 5 spell levels left.
You didn't know any spells.
Your spell library was empty.

Dungeon Overview and Level Annotations

Branches:
Dungeon (4/15)
 Temple: D:4-7

Altars:
Ashenzari
Hepliaklqana
Makhleb
Nemelex Xobeh
Qazlal
Uskayaw
Xom
Zin
The Shining One

Annotations:
D:4 2 transporters, oc3rt's ghost, novice KoHu


Innate Abilities, Weirdness & Mutations

You are partially covered in yellow scales. (AC +2)
You regenerate a little health from kills.
You are immune to miasma.


Message History

* * * LOW HITPOINT WARNING * * *
You barely miss the orc priest.
The orc priest is moderately wounded.
The orc wizard hits you but does no damage. x2
You hit the orc priest but do no damage.
The orc priest is moderately wounded.
The orc priest hits you with a +0 flail.
* * * LOW HITPOINT WARNING * * *
The orc wizard hits you with a +0 dagger.
* * * LOW HITPOINT WARNING * * *
You fail to use your ability.
The orc wizard hits you with a +0 dagger.
* * * LOW HITPOINT WARNING * * *
The orc priest hits you but does no damage.
Unknown command.
Space bends around you!
You blink.
The orc wizard begins to cast a cantrip, but forgets the words!
The orc priest calls down the wrath of Beogh upon you.
Beogh smites you!
You die...

####.# #.# #.###
####...# #....#.###
#........#
#..#####.#
#..#..(#.##########
#..#..(#....o..o@)#
#>.#####.########.#
.........# #.#
#...._...# #.#
#.#.....## #.#
#.####.##### #.#
......|....# #.#
.........#.# #.#
....####.#.# #.#


You could see an orc priest and an orc wizard (fast).

Vanquished Creatures
  Crazy Yiuf (D:2)
  Ijyb (D:3)
  Natasha (thrice) (D:2)
  An orc wizard (D:3)
  Robin (D:2)
  4 gnolls
  7 adders
  2 oozes
  An adder skeleton (D:2)
  2 leopard geckos (D:3)
  4 orcs
  4 giant cockroaches
  11 goblins
  12 hobgoblins
  6 jackals (D:2)
  A quokka (D:2)
  2 ball pythons
  8 bats
  3 frilled lizards
  6 kobolds
  7 rats
87 creatures vanquished.

Vanquished Creatures (others)
  An adder (D:2)
  A goblin (D:2)
2 creatures vanquished.

Grand Total: 89 creatures vanquished

Notes
Turn   | Place    | Note
-------+----------+-------------------------------------------
     0 | Abyss:1  | Zeld the Demonspawn Abyssal Knight began the quest for the
                  | Orb.
     0 | Abyss:1  | Reached XP level 1. HP: 18/18 MP: 2/2
    41 | Abyss:1  | Noticed a manticore zombie
    61 | Abyss:1  | Noticed a thrashing horror
    66 | Abyss:1  | Noticed a raiju
    70 | D:1      | Escaped the Abyss
   277 | D:1      | Reached skill level 2 in Short Blades
   683 | D:1      | Gained mutation: You regenerate a little health from kills.
                  | [demonic ancestry]
   683 | D:1      | Reached XP level 2. HP: 22/24 MP: 3/3
  1140 | D:1      | Reached skill level 3 in Short Blades
  1397 | D:2      | Gained mutation: You are immune to miasma. [demonic
                  | ancestry]
  1397 | D:2      | Reached XP level 3. HP: 16/29 MP: 4/4
  1499 | D:2      | Reached * piety under Lugonu
  1630 | D:2      | Noticed Robin
  1647 | D:2      | Killed Robin
  1654 | D:2      | Reached XP level 4. HP: 28/35 MP: 5/5
  1655 | D:2      | Reached skill level 4 in Short Blades
  2013 | D:2      | Found a glowing silver altar of Zin.
  2013 | D:2      | Found a shimmering altar of Xom.
  2013 | D:2      | Noticed an angel
  2128 | D:2      | Found a runed translucent door.
  2129 | D:2      | Noticed Crazy Yiuf
  2389 | D:3      | Found a stormy altar of Qazlal.
  2531 | D:3      | Reached ** piety under Lugonu
  2978 | D:2      | Killed Crazy Yiuf
  2979 | D:2      | Reached skill level 5 in Short Blades
  2979 | D:2      | Gained mutation: You are partially covered in yellow
                  | scales. (AC +2) [demonic ancestry]
  2979 | D:2      | Reached XP level 5. HP: 41/41 MP: 6/6
  3200 | D:2      | Noticed Natasha
  3973 | D:2      | Killed Natasha
  4093 | D:2      | Noticed Natasha
  4101 | D:2      | Killed Natasha
  4234 | D:2      | Noticed Natasha
  4253 | D:2      | Killed Natasha
  4409 | D:2      | Found a shimmering altar of Xom.
  4416 | D:2      | Found a glowing silver altar of Zin.
  4988 | D:2      | Found a shimmering altar of Xom.
  4995 | D:2      | Found a glowing silver altar of Zin.
  5328 | D:3      | Reached XP level 6. HP: 47/47 MP: 7/7
  5391 | D:3      | Reached skill level 6 in Short Blades
  5582 | D:3      | Found a hazy altar of Hepliaklqana.
  5618 | D:3      | Found a broken altar of Ashenzari.
  5644 | D:3      | Found a sparkling altar of Nemelex Xobeh.
  5663 | D:3      | Noticed Ijyb
  5682 | D:3      | Killed Ijyb
  5865 | D:3      | Found a hide-covered altar of Uskayaw.
  5873 | D:3      | Noticed a +0 hand axe
  5875 | D:3      | Noticed a +0 dagger
  5908 | D:3      | Found a glowing golden altar of the Shining One.
  6244 | D:4      | Noticed oc3rt's ghost (novice KoHu)
  6272 | D:4      | Found a transporter.
  6275 | D:4      | Found a transporter.
  6296 | D:4      | Found a burning altar of Makhleb.
  6328 | D:4      | HP: 2/47 [orc wizard/puff of frost (6)]
  6787 | D:3      | Killed from afar by an orc priest

Illustrated notes

Levels and vault maps discovered:
D:1:      arrival_zaba_pyramid, layout_basic
D:2:      layout_loops_cross, grunt_temple_overflow_order_and_chaos_1,
          uniq_crazy_yiuf_cottage, uniq_natasha, uniq_robin
D:3:      layout_loops_ring, nicolae_tso_carved_into_rock,
          overflow_temple_1_default, dancing_weapons_uskayaw,
          nicolae_overflow_crystal_walls, nzn_hepliaklqana_mist_gate,
          nemelex_spade_bored_becter, uniq_ijyb
D:4:      layout_cave_pods, kennysheep_mini_moat, gammafunk_ghost_arena

Skill      XL: |  1  2  3  4  5  6 |
---------------+-------------------+-----
Short Blades   | 2 3 5 6 |  6.3
Fighting       | |  3.0
Armour         | |  1.7
Dodging        | |  0.8
Invocations    | |  2.4

Action                   |  1- 3 |  4- 6 || total
-------------------------+-------+-------++-------
Melee: Short sword       |    99 |   311 ||   410
       Unarmed           |       |     9 ||     9
Throw: Dart              |       |     4 ||     4
Invok: Depart the Abyss  |     1 |       ||     1
       Bend Space        |       |     1 ||     1
 Stab: Confused          |       |     1 ||     1
Armor: Leather armour    |    46 |   121 ||   167
       Skin              |       |     3 ||     3
Dodge: Dodged            |    68 |   153 ||   221
